AoeStats
← Governor

African Clearing

510293246Analyzed
3v3 RM · 6h ago on Sep 30, 2026· 50m 32s· 6 players
Game mode
Random Map
Map size
Normal (6 player)
Population
200
Speed
Normal
Resources
Standard
Victory
Conquest
Starting age
Dark Age
Ending age
Imperial Age
RankedLock teamsTeams togetherTeam positionsShared explorationLock speedFull tech treeHidden civsTurbo modeCheats
Victory
Defeat
🇦🇺 Hindustanis · Australia
1055
+12
🇦🇺 Mongols · Australia
1049
+12
🇦🇺 Danes · Australia
1048
+12
🇩🇪 Jurchens · Germany
993
-14
🇨🇳 Vikings · China
962
-37
🇳🇱 Japanese · Netherlands
921
-10
Governor
9:05 Loom
j.schultze
9:29 Loom
15:02 Feudal Age
19:43 Castle Age
18:38 Horse Collar
19:34 Double-Bit Axe
21:02 Bow Saw
21:30 Heavy Plow
21:45 Scale Barding Armor
25:07 Chain Barding Armor
26:52 Wheelbarrow
27:25 Forging
29:01 Bloodlines
28:51 Husbandry
34:22 Iron Casting
36:48 Fortified Bastions
45:23 Fletching
45:52 Hand Cart
harmensjoerd
17:32 Feudal Age
17:58 Man-at-Arms
22:05 Town Watch
25:05 Fletching
27:48 Gold Mining
27:48 Stone Mining
30:17 Castle Age
NaughtyBoy
4:34 Loom
15:01 Feudal Age
21:17 Castle Age
20:35 Double-Bit Axe
20:33 Horse Collar
20:56 Fletching
21:07 Padded Archer Armor
22:24 Wheelbarrow
24:05 Town Watch
34:37 Pikeman
40:04 Ballistics
42:47 Imperial Age
40:30 Thumb Ring
41:05 Bow Saw
42:58 Hand Cart
44:20 Parthian Tactics
43:21 Capped Ram
44:57 Stone Mining
44:57 Gold Mining
48:18 Gold Shaft Mining
47:45 Siege Ram
49:33 Drill
50:02 Elite Mangudai
Sample Text
12:08 Loom
15:25 Feudal Age
20:25 Castle Age
18:48 Fletching
19:21 Scale Mail Armor
20:15 Double-Bit Axe
27:44 Chain Mail Armor
28:05 Forging
28:50 Fletching
30:05 Arson
30:07 Gambesons
33:15 Ballistics
34:28 Bow Saw
34:17 Hamask
35:38 Iron Casting
34:59 Bodkin Arrow
40:10 Wheelbarrow
40:29 Squires
40:49 Gold Mining
43:35 Imperial Age
44:47 Conscription
45:39 Capped Ram
45:48 Elite Jomsviking
48:46 Blast Furnace
49:13 Gold Shaft Mining
50:31 Plate Mail Armor
Big J
7:13 Loom
15:01 Feudal Age
15:55 Double-Bit Axe
22:27 Fletching
23:23 Horse Collar
26:29 Castle Age
25:53 Scale Barding Armor
28:02 Bodkin Arrow
29:35 Forging
31:21 Iron Casting
32:31 Scale Mail Armor
33:15 Bloodlines
34:42 Wheelbarrow
34:04 Gold Mining
34:52 Heavy Plow
35:08 Husbandry
35:32 Stone Mining
36:21 Gold Shaft Mining
37:30 Chain Mail Armor
40:59 Chain Barding Armor
45:53 Imperial Age
43:40 Hand Cart
43:43 Bow Saw
44:05 Town Watch
45:49 Ballistics
46:00 Heavy Camel Rider
48:00 Blast Furnace
47:36 Plate Barding Armor
47:29 Town Patrol
49:14 Imperial Camel Rider
51:19 Conscription
Connection lost

Rejoining the realm…

Still unreachable

The connection could not be restored.

Session expired

The server has moved on; the page needs a fresh start.